 Dungeon Crawl Stone Soup version 0.27.0-1-g7a089689b8 (webtiles) character file.

Game seed: 13771340812334724491

44 Strat the Magician (level 3, -6/28 HPs)
             Began as a Draconian Hedge Wizard on Aug 11, 2021.
             Killed from afar by Sigmund (9 damage)
             ... with a magic dart
             ... on level 2 of the Dungeon.
             The game lasted 00:10:01 (2335 turns).

Strat the Magician (Draconian Hedge Wizard)         Turns: 2335, Time: 00:10:01

Health: -6/28      AC:  5    Str: 12    XL:     3   Next: 41%
Magic:  4/7        EV: 12    Int: 15    God:
Gold:   102        SH:  0    Dex: 10    Spells: 0/8 levels left

rFire    . . .     SeeInvis .   n - +0 short sword
rCold    . . .     Faith    .   (no shield)
rNeg     . . .     Spirit   .   (armour unavailable)
rPois    .         Reflect  .   d - +0 hat
rElec    .         Harm     .   (no cloak)
rCorr    .         Rampage  .   (no gloves)
Will     .....                  (no boots)
Stlth    ++........             (no amulet)
HPRegen  0.09/turn              (no ring)
MPRegen  0.10/turn              (no ring)

@: no status effects
A: AC +5, unfitting armour, cold-blooded
a: no special abilities


You were on level 2 of the Dungeon.
You visited 1 branch of the dungeon, and saw 3 of its levels.

You collected 102 gold pieces.

Inventory:

Hand Weapons
 a - a +0 dagger
 b - a +0 hunting sling
 n - a +0 short sword (weapon)
Missiles
 c - 67 stones
 k - 4 javelins
 l - 18 sling bullets
 o - 4 poisoned darts
Armour
 d - a +0 hat (worn)
 g - a +2 buckler
Potions
 e - a potion of curing {unknown}
 f - a potion of invisibility {unknown}


   Skills:
 - Level 1.0 Fighting
 - Level 1.7 Dodging
 - Level 1.7 Stealth
 - Level 3.0 Spellcasting
 + Level 2.2 Conjurations
 + Level 1.7 Summonings
 - Level 1.5 Translocations
 + Level 0.2 Air Magic
 + Level 0.2 Poison Magic


You couldn't memorise any spells.
You knew the following spells:

 Your Spells              Type           Power      Damage    Failure   Level
a - Magic Dart            Conj           36%        1d4       8%          1
b - Blink                 Tloc           N/A        N/A       16%         2
c - Call Imp              Summ           7%         N/A       16%         2
d - Mephitic Cloud        Conj/Pois/Air  5%         N/A       38%         3

Your spell library contained the following spells:

 Spells                   Type           Power      Damage    Failure   Level
 Slow                     Hex            2%         N/A       30%         2
 Conjure Flame            Conj/Fire      5%         6-21      36%         3


Dungeon Overview and Level Annotations

Branches:
Dungeon (3/15)

Altars:

Annotations:
D:2 Jessica, Natasha, Sigmund
D:3 Terence


Innate Abilities, Weirdness & Mutations

Your plain brown scales are hard. (AC +5)
You cannot fit into any form of body armour.
You are cold-blooded and may be slowed by cold attacks.


Message History

Confirm with . or Enter, or press ? or * to list all spells.
A beastly little devil appears in a puff of frigid air.
Sigmund points at you and mumbles some strange words.
The puff of flame hits you!
* * * LOW HITPOINT WARNING * * *
Sigmund gestures wildly while chanting.
Sigmund flickers and vanishes!
Deactivating autopickup; reactivate with Ctrl-A.
A giant cockroach comes into view.
Your magical contamination has completely faded away.
Found 22 arrows.
A puff of flame appears from out of thin air!
The puff of flame hits your white imp!
Your white imp is burned terribly!
A puff of flame appears from out of thin air!
The puff of flame hits your white imp!
Your white imp is burned terribly!
Your white imp dies!
A ball python comes into view.
The giant cockroach misses you.
Jessica shouts!
Jessica mumbles some strange words.
Jessica blinks!
The giant cockroach bites you but does no damage.
Jessica points at you and mumbles some strange words.
You barely resist.
Found an escape hatch in the ceiling.
Jessica casts a spell.
Jessica seems to speed up.
The giant cockroach bites you but does no damage.
Jessica mumbles something strange.
Jessica shouts, "You're disturbing me!
I'll have to kill you!"
Sigmund appears from thin air!
Reactivating autopickup.
Sigmund hits you from afar with a +0 scythe.
* * * LOW HITPOINT WARNING * * *
The giant cockroach barely misses you. Sigmund gestures at you while chanting.
The magic dart hits you!
You die...

......#....##.......#
..........@......# ...
.......#...##r#### ...
.......r#####o# ...
........#####.#### ...
###.........#.@..#### ..
#.......#....#..... ##.
##.#.##..@.B#.....### #..
#..#.###..#.@.......# #.# #.##.#
##..##.....#..## ##.##
#.##.#####..#.....# ..(##....
#.....##..........# #.##..r.
#..#.....##.......####......#
#............<...........#.##
#.........##......###..r.....
####..#.#.##.........##.........
#....................#..#.......


You could see Sigmund, Jessica (fast) and a giant cockroach.

Vanquished Creatures
  An adder (D:3)
  2 dart slugs
  9 bats
  2 endoplasms
  3 goblins
  5 kobolds
  A quokka (D:1)
  3 ball pythons
  2 frilled lizards (D:1)
  3 rats
31 creatures vanquished.

Vanquished Creatures (collateral kills)
  An adder (D:2)
1 creature vanquished.

Grand Total: 32 creatures vanquished

Notes
Turn   | Place    | Note
-------+----------+-------------------------------------------
     0 | D:1      | Strat the Draconian Hedge Wizard began the quest for the
                  | Orb.
     0 | D:1      | Reached XP level 1. HP: 14/14 MP: 4/4
   331 | D:1      | Found a faded altar of an unknown god.
   391 | D:1      | Reached skill level 1 in Fighting
   472 | D:1      | Reached XP level 2. HP: 23/23 MP: 4/6
   494 | D:1      | Learned a level 2 spell: Blink
   497 | D:1      | Learned a level 2 spell: Call Imp
  1396 | D:2      | Reached XP level 3. HP: 28/28 MP: 2/7
  1462 | D:2      | Noticed Terence
  1635 | D:2      | Learned a level 3 spell: Mephitic Cloud
  1645 | D:2      | Noticed Jessica
  1911 | D:2      | Noticed Sigmund
  2275 | D:2      | Noticed Natasha
  2335 | D:2      | Killed from afar by Sigmund

Illustrated notes

Levels and vault maps discovered:
D:1:      heliophobic_arrival_henge, layout_rooms,
          shapermc_ecumenical_altar_venn, minmay_misc_feat_cross,
          minmay_misc_feat_tower, feat_on_display
D:2:      layout_rooms, uniq_terence, uniq_natasha, uniq_jessica, uniq_sigmund
D:3:      layout_loops_cross, minmay_mini_jars

Skill      XL: |  1  2 |
---------------+-------+-----
Fighting       | 1 |  1.0
Conjurations   | 2 |  2.2
Dodging        | |  1.7
Stealth        | |  1.7
Spellcasting   | |  3.0
Summonings     | |  1.7
Translocations | |  1.5
Air Magic      | |  0.2
Poison Magic   | |  0.2

Action                   || total
-------------------------++-------
Melee: Dagger            ||     1
       Short sword       ||    15
       Tailslap          ||     3
 Fire: Hunting sling     ||    23
 Cast: Magic Dart        ||    57
       Call Imp          ||     7
  Use: Scroll            ||     4
 Stab: Sleeping          ||     2
Armor: Skin              ||    22
Dodge: Dodged            ||    42
